 Dungeon Crawl Stone Soup version 0.14-a0-2091-gca92d1a (webtiles) character file.

233 Kae the Ruinous (level 4, -6/33 HPs)
             Began as a Draconian Wizard on Jan 25, 2014.
             Killed by divine providence
             ... invoked by an orc priest
              (11 damage)
             ... on Level 3 of the Dungeon.
             The game lasted 00:04:27 (1929 turns).

Kae the Ruinous (Draconian Wizard)                  Turns: 1929, Time: 00:04:27

HP  -6/33        AC  6     Str  9      XL: 4   Next: 42%
MP   9/10        EV 12     Int 19      God:
Gold 136         SH  0     Dex 10      Spells:  1 memorised,  9 levels left

rFire  . . .     SeeInvis .     t - staff of air
rCold  . . .     Clarity  .     (armour unavailable)
rNeg   . . .     Conserve .     (no shield)
rPois  .         rCorr    .     b - +0 hat
rElec  +         rRot     .     n - +0 elf cloak
SustAb . .       Spirit   .     (no gloves)
rMut   .         Warding  .     (no boots)
Saprov . . .     Stasis   .     (no amulet)
MR     .....                    (no ring)
                                (no ring)

@: not resistant to hostile enchantments, fairly stealthy
A: unfitting armour, AC +5
a: no special abilities


You were on level 3 of the Dungeon.
You were hungry.

You visited 1 branch of the dungeon, and saw 3 of its levels.

You collected 136 gold pieces.

Inventory:

Hand weapons
 o - a +0,+0 dagger
Armour
 b - a +0 hat (worn)
 n - a +0 elven cloak (worn)
Comestibles
 d - a bread ration
 s - a chunk of bat flesh
Scrolls
 e - 3 scrolls of remove curse
 f - a scroll of amnesia {unknown}
 h - a scroll of teleportation
 k - a scroll of blinking {unknown}
 l - a scroll of immolation {unknown}
 p - a scroll of fog {unknown}
 q - a scroll of identify {unknown}
Jewellery
 g - an uncursed ring of poison resistance {unknown}
Potions
 a - a potion of brilliance {unknown}
 i - a potion of curing {unknown}
 j - a potion of paralysis {unknown}
 m - a potion of restore abilities {unknown}
 r - a potion of cure mutation {unknown}
Books
 c - a book of Minor Magic

   Spells                             Type                      Level
   *Magic Dart                        Conjuration                  1
   Blink                              Translocation                2
   Call Imp                           Summoning                    2
   Repel Missiles                     Charms/Air                   2
   Slow                               Hexes                        2
   Conjure Flame                      Conjuration/Fire             3
   Mephitic Cloud                     Conjuration/Poison/Air       3
Magical staves
 t - an uncursed staff of air (weapon)


   Skills:
 - Level 1.7 Dodging
 - Level 1.7 Stealth
 + Level 3.5 Spellcasting
 * Level 3.8 Conjurations
   Level 1.0 Summonings
   Level 1.0 Translocations


You had 9 spell levels left.
You knew the following spells:

 Your Spells              Type           Power        Failure   Level  Hunger
a - Magic Dart            Conj           ###.         3%          1    None


Dungeon Overview and Level Annotations

Branches:
Dungeon (3/16)

Altars:
Okawaru
Zin


Message History

You closely miss the orc.
The orc is moderately wounded.
You are feeling hungry.
The orc priest shouts!
The orc barely misses you.
Casting: Magic Dart
Confirm with . or Enter, or press ? or * to list all spells.
Aiming: Magic Dart
Press: ? - help, Shift-Dir - straight line, f - orc
Aim: an orc, wielding an orcish dagger (moderately wounded)
The magic dart hits the orc.
You kill the orc!
The orc priest calls down the wrath of Beogh upon you.
Something smites you!
The orc priest calls down the wrath of Beogh upon you.
Something smites you!
* * * LOW HITPOINT WARNING * * *
The orc priest invokes the aid of Beogh against you.
Something smites you!
You die...

#..#..# #....oo.#
#.##..# ##..o#####
#.##..# ##.....##
.%(..(## ##.......##
#.##...####.........#
..........+.........+
...(...####.....o...#
#.##..## ##....o..##
#.##.## ##%..@.##
#.....# ##...##
####..# ##'## ####.>#
#.# ......# #.#
#####.### ##.##
#.......# ##...##
#.###.#.# #.)...#
#.#.######...####.#


You could see an orc priest and 2 orcs.

Vanquished Creatures
  5 adders
  A worm (D:2)
  2 giant geckos (D:2)
  2 orcs (D:3)
  A giant cockroach (D:2)
  6 goblins
  5 hobgoblins
  2 jackals (D:2)
  A ball python (D:3)
  9 bats
  A giant newt (D:3)
  5 kobolds
  3 quokkas
  4 rats
47 creatures vanquished.

Notes
Turn   | Place    | Note
--------------------------------------------------------------
     0 | D:1      | Kae, the Draconian Wizard, began the quest for the Orb.
     0 | D:1      | Reached XP level 1. HP: 14/14 MP: 4/4
   457 | D:2      | Reached XP level 2. HP: 20/20 MP: 1/6
   784 | D:2      | Found an iron altar of Okawaru.
   813 | D:2      | Reached XP level 3. HP: 24/26 MP: 2/8
  1520 | D:2      | Found a glowing silver altar of Zin.
  1521 | D:2      | Noticed an angel
  1680 | D:3      | Reached XP level 4. HP: 26/33 MP: 5/9
  1929 | D:3      | Killed from afar by an orc priest

Action                   |  1- 3 |  4- 6 || total
-------------------------+-------+-------++-------
Melee: Unarmed           |    18 |       ||    18
       Dagger            |    31 |     4 ||    35
       Staff             |       |     2 ||     2
 Cast: Magic Dart        |    82 |    18 ||   100
  Use: Scroll            |     5 |       ||     5
